PAA
CASPER GHOSTS @ SPRINGFIELD SHOOTERS
09/03/2023
 
TOP OF THE 1ST
Casper Ghosts batting - Pitching for Springfield Shooters : RHP Jim Unknown
Pitching: RHP Jim Unknown
Batting: SHB Erjan Kerstens 0-0: Called Strike
0-1: Called Strike
0-2: Fly out, F7 (Flyball, 7LM)
Batting: RHB Raúl Ruíz 0-0: Ball
1-0: Called Strike
1-1: Ball
2-1: Foul Ball, location: 2F
2-2: Strikes out swinging
Batting: LHB Mysterious Walker 0-0: Ball
1-0: Ground out U3 (Groundball, 3)
Top of the 1st over - 0 run(s), 0 hit(s), 0 error(s), 0 left on base; Casper 0 - Springfield 0
BOTTOM OF THE 1ST
Springfield Shooters batting - Pitching for Casper Ghosts : RHP Wallace Elgie
Pitching: RHP Wallace Elgie
Batting: SHB Albert Santos 0-0: Ball
1-0: Called Strike
1-1: Ball
2-1: Foul Ball, location: 2F
2-2: Ball
3-2: Foul Ball, location: 2F
3-2: Foul Ball, location: 2F
3-2: SINGLE (Popup, 78S)
Batting: RHB Michael Hicks 0-0: Called Strike
0-1: Ball
1-1: Fielders Choice at 2nd, 6-4 (Groundball, 6)
Batting: SHB Jared Jefferson 0-0: Ball
1-0: SINGLE (Flyball, 9S)
Michael Hicks to second
Batting: RHB Roy Herring 0-0: Ball
1-0: Ball
2-0: Called Strike
2-1: Foul Ball, location: 2F
2-2: Foul Ball, location: 2F
2-2: SINGLE (Groundball, 4MD)
Michael Hicks to third
Jared Jefferson to second
Runner from 3rd tries for Home, SAFE, no throw or cutoff
Batting: LHB Brad Shockley 0-0: Ball
1-0: Foul Ball, location: 2F
1-1: Called Strike
1-2: Foul Ball, location: 2F
1-2: Grounds into double play, 4-6-3 (Groundball, 4)
Bottom of the 1st over - 1 run(s), 3 hit(s), 0 error(s), 1 left on base; Casper 0 - Springfield 1
TOP OF THE 2ND
Casper Ghosts batting - Pitching for Springfield Shooters : RHP Jim Unknown
Batting: RHB Warner Robinson 0-0: Ball
1-0: Ball
2-0: Foul Ball, location: 2F
2-1: Swinging Strike
2-2: Foul Ball, location: 2F
2-2: Ball
3-2: Strikes out swinging
Batting: SHB José Juárez 0-0: Called Strike
0-1: Ball
1-1: Foul Ball, location: 2F
1-2: Strikes out swinging
Batting: RHB Mark Davis 0-0: Ball
1-0: Ball
2-0: Ball
3-0: Called Strike
3-1: Foul Ball, location: 2F
3-2: Foul Ball, location: 2F
3-2: Foul Ball, location: 2F
3-2: Base on Balls
Batting: RHB Dave Young 0-0: Called Strike
0-1: Foul Ball, location: 2F
0-2: Ball
1-2: Ball
2-2: Foul Ball, location: 2F
2-2: Foul Ball, location: 2F
2-2: Ball
3-2: Foul Ball, location: 2F
3-2: Ground out 6-3 (Groundball, 56)
Top of the 2nd over - 0 run(s), 0 hit(s), 0 error(s), 1 left on base; Casper 0 - Springfield 1
BOTTOM OF THE 2ND
Springfield Shooters batting - Pitching for Casper Ghosts : RHP Wallace Elgie
Batting: RHB Lee Charles 0-0: Fly out, F9 (Flyball, 9M)
Batting: RHB Randy Galloway 0-0: Called Strike
0-1: Foul Ball, location: 2F
0-2: Strikes out looking
Batting: RHB Sergio Delgado 0-0: Ball
1-0: Ball
2-0: Swinging Strike
2-1: Foul Ball, location: 2F
2-2: Ball
3-2: Strikes out swinging
Bottom of the 2nd over - 0 run(s), 0 hit(s), 0 error(s), 0 left on base; Casper 0 - Springfield 1
TOP OF THE 3RD
Casper Ghosts batting - Pitching for Springfield Shooters : RHP Jim Unknown
Batting: RHB Lorenzo Díaz 0-0: Ball
1-0: Ball
2-0: Ball
3-0: Called Strike
3-1: Foul Ball, location: 2F
3-2: Fly out, F9 (Flyball, 9D)
Batting: RHB Ron Coffman 0-0: Ball
1-0: Swinging Strike
1-1: Foul Ball, location: 2F
1-2: Fly out, F6 (Popup, 5F)
Batting: SHB Erjan Kerstens 0-0: Ball
1-0: Foul Ball, location: 2F
1-1: Called Strike
1-2: Foul Ball, location: 2F
1-2: SOLO HOME RUN (Flyball, 78XD), Distance : 410 ft
Batting: RHB Raúl Ruíz 0-0: Foul Ball, location: 2F
0-1: Foul Ball, location: 2F
0-2: Foul Ball, location: 2F
0-2: Ball
1-2: Ball
2-2: Foul Ball, location: 2F
2-2: Ball
3-2: Strikes out swinging
Top of the 3rd over - 1 run(s), 1 hit(s), 0 error(s), 0 left on base; Casper 1 - Springfield 1
BOTTOM OF THE 3RD
Springfield Shooters batting - Pitching for Casper Ghosts : RHP Wallace Elgie
Batting: SHB Eugene Bentley 0-0: Ground out 6-3 (Groundball, 6M)
Batting: SHB Albert Santos 0-0: Swinging Strike
0-1: Ball
1-1: SINGLE (Line Drive, 4MD)
Batting: RHB Michael Hicks 0-0: Grounds into double play, 6-4-3 (Groundball, 6)
Bottom of the 3rd over - 0 run(s), 1 hit(s), 0 error(s), 0 left on base; Casper 1 - Springfield 1
TOP OF THE 4TH
Casper Ghosts batting - Pitching for Springfield Shooters : RHP Jim Unknown
Batting: LHB Mysterious Walker 0-0: Ball
1-0: SOLO HOME RUN (Flyball, 89XD), Distance : 405 ft
Batting: RHB Warner Robinson 0-0: Ball
1-0: Ball
2-0: Foul Ball, location: 2F
2-1: Swinging Strike
2-2: Strikes out looking
Batting: SHB José Juárez 0-0: Called Strike
0-1: Ground out 6-3 (Groundball, 6M)
Batting: RHB Mark Davis 0-0: Ball
1-0: Called Strike
1-1: Swinging Strike
1-2: Ball
2-2: SINGLE (Line Drive, 4MD)
Batting: RHB Dave Young 0-0: Ball
1-0: Ball
2-0: Called Strike
2-1: Foul Ball, location: 2F
2-2: Strikes out looking
Top of the 4th over - 1 run(s), 2 hit(s), 0 error(s), 1 left on base; Casper 2 - Springfield 1
BOTTOM OF THE 4TH
Springfield Shooters batting - Pitching for Casper Ghosts : RHP Wallace Elgie
Batting: SHB Jared Jefferson 0-0: Fly out, F7 (Flyball, 7M)
Batting: RHB Roy Herring 0-0: Ball
1-0: Ball
2-0: Ball
3-0: Called Strike
3-1: Foul Ball, location: 2F
3-2: Base on Balls
Batting: LHB Brad Shockley 0-0: Ball
1-0: SINGLE (Line Drive, 8LS)
Roy Herring to second
Batting: RHB Lee Charles 0-0: Called Strike
0-1: Fly out, F7 (Flyball, 7D)
Runner from 2nd tags up, SAFE at 3rd, no throw
Batting: RHB Randy Galloway 0-0: Called Strike
0-1: Swinging Strike
0-2: Ball
1-2: Ball
2-2: Ball
3-2: Base on Balls
Brad Shockley to second
Batting: RHB Sergio Delgado 0-0: Ball
1-0: Fly out, F7 (Flyball, 78S)
Bottom of the 4th over - 0 run(s), 1 hit(s), 0 error(s), 3 left on base; Casper 2 - Springfield 1
TOP OF THE 5TH
Casper Ghosts batting - Pitching for Springfield Shooters : RHP Jim Unknown
Batting: RHB Lorenzo Díaz 0-0: Fly out, F9 (Flyball, 89M)
Batting: RHB Ron Coffman 0-0: Swinging Strike
0-1: Ball
1-1: Foul Ball, location: 2F
1-2: Ball
2-2: Foul Ball, location: 2F
2-2: Ball
3-2: Strikes out swinging
Batting: SHB Erjan Kerstens 0-0: Swinging Strike
0-1: Swinging Strike
0-2: Ball
1-2: Ball
2-2: Ball
3-2: Base on Balls
Batting: RHB Raúl Ruíz 0-0: Ground out 6-3 (Groundball, 6)
Top of the 5th over - 0 run(s), 0 hit(s), 0 error(s), 1 left on base; Casper 2 - Springfield 1
BOTTOM OF THE 5TH
Springfield Shooters batting - Pitching for Casper Ghosts : RHP Wallace Elgie
Batting: SHB Eugene Bentley 0-0: Foul Ball, location: 2F
0-1: Ball
1-1: SINGLE (Line Drive, 89S)
Batting: SHB Albert Santos 0-0: Called Strike
0-1: 2-RUN HOME RUN (Flyball, 9LD), Distance : 344 ft
Batting: RHB Michael Hicks 0-0: SINGLE (Line Drive, 7S)
Batting: SHB Jared Jefferson 0-0: Ball
1-0: SINGLE (Groundball, 34D)
Michael Hicks to second
Runner from 2nd tries for 3rd, SAFE, no throw or cutoff
Batting: RHB Roy Herring 0-0: Ball
1-0: DOUBLE (Flyball, 89XD)
Michael Hicks scores
Jared Jefferson to third
Batting: LHB Brad Shockley 0-0: Ball
1-0: Ball
2-0: Ball
3-0: Called Strike
3-1: Base on Balls
Batting: RHB Lee Charles 0-0: Fly out, F7 (Flyball, 78M)
Runner from 3rd tags up, SCORES, no throw
Batting: RHB Randy Galloway 0-0: Ball
1-0: Called Strike
1-1: Ball
2-1: SINGLE (Groundball, 6MD)
Roy Herring to third
Brad Shockley to second
Batting: RHB Sergio Delgado 0-0: Ball
1-0: Ball
2-0: Called Strike
2-1: Ball
3-1: Fielders Choice at 2nd, 5-4 (Groundball, 56)
Roy Herring scores
Brad Shockley to third
Pitching: RHP Ethan Martin
Batting: SHB Eugene Bentley 0-0: Called Strike
0-1: Swinging Strike
0-2: Strikes out swinging
Bottom of the 5th over - 5 run(s), 6 hit(s), 0 error(s), 2 left on base; Casper 2 - Springfield 6
TOP OF THE 6TH
Casper Ghosts batting - Pitching for Springfield Shooters : RHP Jim Unknown
Batting: LHB Mysterious Walker 0-0: Ball
1-0: Fly out, F8 (Flyball, 8RXD)
Batting: RHB Warner Robinson 0-0: Swinging Strike
0-1: Ball
1-1: Ball
2-1: Ball
3-1: Foul Ball, location: 2F
3-2: SINGLE (Groundball, 56D)
Pitching: RHP Jim Unknown
Batting: SHB José Juárez 0-0: Called Strike
0-1: Ball
1-1: Ball
2-1: Ball
3-1: 2-RUN HOME RUN (Flyball, 9D), Distance : 360 ft
Batting: RHB Mark Davis 0-0: Ball
1-0: Ball
2-0: Ball
3-0: Base on Balls
Batting: RHB Dave Young 0-0: Called Strike
0-1: Ball
1-1: Fly out, F5 (Line Drive, 5D)
1-1: Fly out, F5 (Line Drive, 5D)
Batting: RHB Lorenzo Díaz 0-0: Ball
1-0: Ball
2-0: Foul Ball, location: 2F
2-1: Foul Ball, location: 2F
2-2: Ground out 1-3 (Groundball, 13S)
Top of the 6th over - 2 run(s), 2 hit(s), 0 error(s), 1 left on base; Casper 4 - Springfield 6
BOTTOM OF THE 6TH
Springfield Shooters batting - Pitching for Casper Ghosts : RHP Ethan Martin
Batting: SHB Albert Santos 0-0: Called Strike
0-1: Foul Ball, location: 2F
0-2: Ball
1-2: Ball
2-2: Ball
3-2: Base on Balls
Batting: RHB Michael Hicks 0-0: Sac Bunt - play at first, batter OUT! 1-4
Albert Santos to second
Batting: SHB Jared Jefferson 0-0: Called Strike
0-1: Ball
1-1: Swinging Strike
1-2: Foul Ball, location: 2F
1-2: Foul Ball, location: 2F
1-2: Foul Ball, location: 2F
1-2: Ground out 4-3 (Groundball, 4)
Albert Santos to third
Batting: RHB Roy Herring 0-0: Ball
1-0: Fly out, F9 (Flyball, 9LS)
Bottom of the 6th over - 0 run(s), 0 hit(s), 0 error(s), 1 left on base; Casper 4 - Springfield 6
TOP OF THE 7TH
Casper Ghosts batting - Pitching for Springfield Shooters : RHP Jim Unknown
Batting: RHB Ron Coffman 0-0: Called Strike
0-1: Ball
1-1: Ball
2-1: Foul Ball, location: 2F
2-2: SINGLE (Groundball, 6MD)
Batting: SHB Erjan Kerstens 0-0: Ball
1-0: Fly out, F5 (Popup, 5SF)
Batting: RHB Raúl Ruíz 0-0: Swinging Strike
0-1: Swinging Strike
0-2: DOUBLE (Flyball, 9LM)
Ron Coffman to third
Batting: LHB Mysterious Walker 0-0: Ball
1-0: Ball
2-0: Foul Ball, location: 2F
2-1: Foul Ball, location: 2F
2-2: Foul Ball, location: 2F
2-2: Ball
3-2: Base on Balls
Batting: RHB Warner Robinson 0-0: Foul Ball, location: 2F
0-1: Fly out, F9 (Line Drive, 9LD)
Runner from 3rd tags up, SCORES, no throw
Batting: SHB José Juárez 0-0: Fly out, F8 (Line Drive, 8RM)
Top of the 7th over - 1 run(s), 2 hit(s), 0 error(s), 2 left on base; Casper 5 - Springfield 6
BOTTOM OF THE 7TH
Springfield Shooters batting - Pitching for Casper Ghosts : RHP Ethan Martin
Batting: LHB Brad Shockley 0-0: Called Strike
0-1: Called Strike
0-2: Foul Ball, location: 2F
0-2: Ball
1-2: Ball
2-2: Ball
3-2: Fly out, F8 (Flyball, 8LS)
Batting: RHB Lee Charles 0-0: Ball
1-0: Ball
2-0: Foul Ball, location: 2F
2-1: Fly out, F7 (Flyball, 7LM)
Batting: RHB Randy Galloway 0-0: TRIPLE (Line Drive, 9LM)
Pinch Hitting: RHB Bennett Bates 0-0: Ball
1-0: Ball
2-0: Ball
3-0: Base on Balls
Batting: SHB Eugene Bentley 0-0: Fly out, F9 (Flyball, 9LM)
Bottom of the 7th over - 0 run(s), 1 hit(s), 0 error(s), 2 left on base; Casper 5 - Springfield 6
TOP OF THE 8TH
Casper Ghosts batting - Pitching for Springfield Shooters : RHP Jim Unknown
Pitching: RHP Jim Unknown
Now at 3B: Enrico Díaz
Batting: RHB Mark Davis 0-0: Called Strike
0-1: Fly out, F4 (Popup, 4M)
Batting: RHB Dave Young 0-0: Fly out, F2 (Popup, 23F)
Batting: RHB Lorenzo Díaz 0-0: Ground out 1-3 (Groundball, 15S)
Top of the 8th over - 0 run(s), 0 hit(s), 0 error(s), 0 left on base; Casper 5 - Springfield 6
BOTTOM OF THE 8TH
Springfield Shooters batting - Pitching for Casper Ghosts : RHP Ethan Martin
Batting: SHB Albert Santos 0-0: Ball
1-0: Ball
2-0: Ball
3-0: Base on Balls
Pinch Runner at 1st David Abreu:
Batting: RHB Michael Hicks 0-0: Bunt missed!
0-1: Sac Bunt - play at first, batter OUT! 3-4
David Abreu to second
Batting: SHB Jared Jefferson 0-0: Intentional Walk
Batting: RHB Roy Herring 0-0: Ball
1-0: Ball
2-0: SINGLE (Groundball, 56D)
David Abreu to third
Jared Jefferson to second
Runner from 3rd tries for Home, SAFE, no throw or cutoff
Batting: LHB Brad Shockley 0-0: Ball
1-0: SINGLE (Line Drive, 6MD)
Jared Jefferson to third
Roy Herring to second
Runner from 3rd tries for Home, SAFE, no throw or cutoff
Batting: RHB Lee Charles 0-0: Ball
1-0: Foul Ball, location: 2F
1-1: Foul Ball, location: 2F
1-2: Fly out, F8 (Flyball, 8LM)
Batting: RHB Randy Galloway 0-0: Ball
1-0: Foul Ball, location: 2F
1-1: Ball
2-1: Foul Ball, location: 2F
2-2: Foul Ball, location: 2F
2-2: Strikes out swinging
Bottom of the 8th over - 2 run(s), 2 hit(s), 0 error(s), 2 left on base; Casper 5 - Springfield 8
TOP OF THE 9TH
Casper Ghosts batting - Pitching for Springfield Shooters : RHP Jim Unknown
Pitching: RHP Ching-hsia Hsing
Now at 3B: David Abreu
Batting: RHB Ron Coffman 0-0: Foul Ball, location: 2F
0-1: Ball
1-1: SINGLE (Line Drive, 56D)
Batting: SHB Erjan Kerstens 0-0: Called Strike
0-1: Ball
1-1: SINGLE (Line Drive, 89M)
Ron Coffman to second
Batting: RHB Raúl Ruíz 0-0: Swinging Strike
0-1: Foul Ball, location: 2F
0-2: Strikes out swinging
Batting: LHB Mysterious Walker 0-0: Called Strike
0-1: Ball
1-1: Ball
2-1: Foul Ball, location: 2F
2-2: Fly out, F8 (Line Drive, 8RS)
Batting: RHB Warner Robinson 0-0: Ball
1-0: Ball
2-0: Ground out 1-3 (Groundball, 13S)
Top of the 9th over - 0 run(s), 2 hit(s), 0 error(s), 2 left on base; Casper 5 - Springfield 8
This league is powered by Out of the Park Baseball, the baseball management simulation game for PC, Mac and Linux
Friday, July 8th, 2016 - OOTP Baseball 16.9 Build 39